 Dungeon Crawl Stone Soup version 0.21.1 (webtiles) character file.

36 letownia3 the Conjurer (level 3, 19/24 HPs)
             Began as a Demonspawn Wizard on Feb 4, 2018.
             Quit the game on level 2 of the Dungeon.
             The game lasted 00:01:25 (923 turns).

letownia3 the Conjurer (Demonspawn Wizard)           Turns: 923, Time: 00:01:26

Health: 19/24      AC:  4    Str:  8    XL:     3   Next: 19%
Magic:  1/7        EV: 12    Int: 19    God:
Gold:   70         SH:  0    Dex: 11    Spells: 1/8 levels left

rFire    . . .     SeeInvis .   (no weapon)
rCold    . . .     Gourm    .   (no shield)
rNeg     . . .     Faith    .   a - +0 robe
rPois    +         Spirit   .   b - +0 hat
rElec    .         Reflect  .   (no cloak)
rCorr    .         Harm     .   (no gloves)
MR       .....                  (no boots)
Stlth    +++.......             (no amulet)
HPRegen  0.08/turn              n - ring of poison resistance
MPRegen  0.10/turn              (no ring)

@: no status effects
A: iridescent scales 1, nightstalker 1
a: no special abilities


You were on level 2 of the Dungeon.
You were not hungry.

You visited 1 branch of the dungeon, and saw 2 of its levels.

You collected 70 gold pieces.

Inventory:

Armour
 a - a +0 robe (worn)
 b - a +0 hat (worn)
Jewellery
 n - a ring of poison resistance (left hand)
Scrolls
 f - a scroll of fog {unknown}
 g - 2 scrolls of identify {unknown}
 h - 2 scrolls of immolation {unknown}
 i - a scroll of noise {unknown}
 j - 2 scrolls of teleportation {unknown}
Potions
 e - a potion of brilliance {unknown}
 k - a potion of agility {unknown}
 l - a potion of magic {unknown}
Books
 c - a book of Minor Magic

   Spells                             Type                      Level
   a - Magic Dart                     Conjuration                  1
   b - Blink                          Translocation                2
   c - Call Imp                       Summoning                    2
   d - Slow                           Hexes                        2
   e - Conjure Flame                  Conjuration/Fire             3
   f - Mephitic Cloud                 Conjuration/Poison/Air       3
Comestibles
 d - 3 rations
 m - a chunk of flesh


   Skills:
 - Level 1.7 Dodging
 - Level 1.7 Stealth
 - Level 3.0 Spellcasting
 + Level 3.2 Conjurations
   Level 1.0 Summonings
   Level 0.8 Translocations


You had one spell level left.
You knew the following spells:

 Your Spells              Type           Power        Failure   Level  Hunger
a - Magic Dart            Conj           ###.         4%          1    None
b - Mephitic Cloud        Conj/Pois/Air  #.......     30%         3    ###....
e - Conjure Flame         Conj/Fire      #.......     24%         3    ###....


Dungeon Overview and Level Annotations

Branches:
Dungeon (2/15)

Altars:


Innate Abilities, Weirdness & Mutations

You are partially covered in iridescent scales. (AC +2)
You are slightly more attuned to the shadows.


Message History

Increase (S)trength, (I)ntelligence, or (D)exterity?
You feel stronger.
Your demonic ancestry asserts itself...
You slip into the darkness of the dungeon.
You see here an adder corpse.
You butcher the adder corpse.
m - a chunk of flesh
There is a stone staircase leading down here.
Memorise Mephitic Cloud, consuming 3 spell levels and leaving 4?
You start memorising the spell.
You continue memorising. x3
You finish memorising.
Spell assigned to 'b'.
Memorise Conjure Flame, consuming 3 spell levels and leaving 1?
You start memorising the spell.
You continue memorising. x3
You finish memorising.
Spell assigned to 'c'.
Adjust (i)tems, (s)pells, or (a)bilities?
Adjust which spell? c - Conjure Flame Adjust to which letter? e - Conjure Flame
Okay, then.
Are you sure you want to abandon this character and quit the game? (Confirm with "yes".)

..######............#......###.
..# #####.########...#........
..# #<....# #####..###... ..#
#.##### ######..#.....
..####.#### #.........#
..........# #.####......).
.#####.##.# #.# #.(...##.
.......##.# ###.# #####.#
#########.# #@..# .# #.# #.###
# #.# #.# #.# #.# #.# #.# #.#
#.# #.# #.#


There were no monsters in sight!

Vanquished Creatures
  2 adders (D:2)
  An ooze (D:2)
  A giant cockroach (D:2)
  A goblin (D:1)
  3 hobgoblins
  2 bats
  A frilled lizard (D:1)
  2 kobolds
  2 rats (D:2)
15 creatures vanquished.

Notes
Turn   | Place    | Note
-------+----------+-------------------------------------------
     0 | D:1      | letownia3 the Demonspawn Wizard began the quest for the Orb.
     0 | D:1      | Reached XP level 1. HP: 13/13 MP: 4/4
   354 | D:2      | Gained mutation: You are partially covered in iridescent scales. (AC +2) [demonic ancestry]
   354 | D:2      | Reached XP level 2. HP: 6/19 MP: 0/6
   910 | D:2      | Gained mutation: You are slightly more attuned to the shadows. [demonic ancestry]
   910 | D:2      | Reached XP level 3. HP: 18/24 MP: 0/7
   919 | D:2      | Learned a level 3 spell: Mephitic Cloud
   923 | D:2      | Learned a level 3 spell: Conjure Flame
   923 | D:2      | Quit the game

Skill      XL: |  1  2 |
---------------+-------+-----
Conjurations   | 2 3 |  3.2
Dodging        | |  1.7
Stealth        | |  1.7
Spellcasting   | |  3.0
Summonings     | |  1.0
Translocations | |  0.8

Action                   || total
-------------------------++-------
Melee: Unarmed           ||     5
 Cast: Magic Dart        ||    45
Armor: Robe              ||     3
Dodge: Dodged            ||    12
